 Dungeon Crawl Stone Soup version 0.21.1 (webtiles) character file.

160 Inarius the Ruffian (level 5, 0/46 HPs)
             Began as a Ghoul Monk on Feb 4, 2018.
             Slain by a worker ant (7 damage)
             ... on level 3 of the Dungeon.
             The game lasted 00:07:24 (2973 turns).

Inarius the Ruffian (Ghoul Monk)                    Turns: 2973, Time: 00:07:25

Health: 0/46       AC:  4    Str: 16    XL:     5   Next: 41%
Magic:  4/4        EV: 13    Int:  5    God:
Gold:   174        SH:  0    Dex: 11    Spells: 4/4 levels left

rFire    + . .     SeeInvis .     - Unarmed
rCold    + . .     Gourm    .   (no shield)
rNeg     + + +     Faith    .   i - +0 leather armour {rF+}
rPois    ∞         Spirit   .   (no helmet)
rElec    .         Reflect  .   (no cloak)
rCorr    .         Harm     .   e - +0 pair of gloves
MR       .....                  (no boots)
Stlth    ++........             (no amulet)
HPRegen  0.00/turn              (no ring)
MPRegen  0.09/turn              (no ring)

@: rotting
A: rotting body, claws 1, carnivore, cold resistance 1, negative energy
resistance 3, inhibited regeneration, torment resistance, unbreathing
a: no special abilities


You were on level 3 of the Dungeon.
You were not hungry.

You visited 1 branch of the dungeon, and saw 4 of its levels.

You collected 174 gold pieces.

Inventory:

Armour
 e - a +0 pair of gloves (worn)
 i - a +0 leather armour of fire resistance (worn)
Wands
 c - a wand of digging (16)
 l - a wand of disintegration (14)
Scrolls
 d - a scroll of teleportation
 h - a scroll of fog
Potions
 f - 2 potions of agility
 g - a potion of curing {unknown}
Comestibles
 a - a chunk of flesh
 b - 6 rations


   Skills:
 + Level 4.0 Fighting
 + Level 3.6 Dodging
 + Level 2.9 Stealth
 + Level 4.9 Unarmed Combat


You had 4 spell levels left.
You didn't know any spells.

Dungeon Overview and Level Annotations

Branches:
Dungeon (4/15)
 Temple: D:4-7

Altars:
Uskayaw


Innate Abilities, Weirdness & Mutations

Your body is rotting away.
You thrive on raw meat.
You are immune to poison.
You have sharp fingernails.
You are carnivorous and can eat meat at any time.
Your flesh is cold resistant. (rC+)
You are immune to negative energy. (rN+++)
You do not regenerate when monsters are visible.
You are immune to unholy pain and torment.
You can survive without breathing.


Message History

The worker ant is moderately wounded.
The worker ant barely misses you.
You hit the worker ant.
The worker ant is heavily wounded.
The worker ant misses you. The worker ant bites you.
* * * LOW HITPOINT WARNING * * *
You hit the worker ant.
The worker ant is severely wounded.
The worker ant barely misses you.
You hit the worker ant but do no damage.
The worker ant is severely wounded.
The worker ant bites you but does no damage.
You hit the worker ant.
The worker ant is severely wounded.
The worker ant bites you.
* * * LOW HITPOINT WARNING * * *
You hit the worker ant but do no damage.
The worker ant is severely wounded.
The worker ant bites you!
You die...

######### ########
#.......# #......#
#.......######
#......#
#........#...##
#......#
#.............##
#......#
#..............#
#......#
#.....[...a@...#
#......#
###..............#
#......#
#..........)....##
#......#
#....<.........##
###......#
#.#.......#..###
#.###.#..#
#..#...<.###.# #.#
#.##.##
#####...>.....#.##
#.# #.##..#
#........###..#..#
#.# #..##..
#....)........##(###
#.# ##.###.


You could see a worker ant.

Vanquished Creatures
  2 howler monkey skeletons (D:4)
  9 adders
  2 worms (D:3)
  A dart slug (D:3)
  A leopard gecko (D:1)
  5 giant cockroaches
  2 goblins (D:2)
  A hobgoblin (D:2)
  10 jackals
  7 kobolds
  A quokka (D:4)
  A ball python (D:2)
  4 bats
  9 rats
55 creatures vanquished.

Vanquished Creatures (others)
  A leopard gecko (D:4)
1 creature vanquished.

Grand Total: 56 creatures vanquished

Notes
Turn   | Place    | Note
-------+----------+-------------------------------------------
     0 | D:1      | Inarius the Ghoul Monk began the quest for the Orb.
     0 | D:1      | Reached XP level 1. HP: 19/19 MP: 0/0
   428 | D:1      | Reached XP level 2. HP: 26/26 MP: 1/1
   969 | D:2      | Found a hide-covered altar of Uskayaw.
   969 | D:2      | Noticed a hand axe
   970 | D:2      | Noticed a hand axe
  1183 | D:2      | Reached XP level 3. HP: 31/31 MP: 2/2
  1885 | D:3      | Reached XP level 4. HP: 4/40 MP: 3/3
  2197 | D:3      | Reached XP level 5. HP: 20/46 MP: 4/4
  2248 | D:3      | Noticed a sky beast
  2797 | D:4      | Noticed a phantom
  2973 | D:3      | Slain by a worker ant

Skill      XL: |  1  2  3  4  5 |
---------------+----------------+-----
Dodging        | 3 |  3.6
Unarmed Combat | 4 |  4.9
Fighting       | 4 |  4.0
Stealth        | |  2.9

Action                   |  1- 3 |  4- 6 || total
-------------------------+-------+-------++-------
Melee: Unarmed           |   149 |   132 ||   281
       Punch             |     2 |       ||     2
Evoke: Wand              |       |     4 ||     4
  Use: Scroll            |     4 |     6 ||    10
       Potion            |     4 |       ||     4
 Stab: Sleeping          |     4 |       ||     4
  Eat: Chunk             |    10 |    17 ||    27
Armor: Robe              |    41 |     6 ||    47
       Leather armour    |       |     8 ||     8
       Skin              |       |     1 ||     1
Dodge: Dodged            |   108 |    99 ||   207
